 Dungeon Crawl Stone Soup version 0.29-a0-330-g52719c12eb (webtiles) character file.

Game seed: 13672807565701223382

445 Ajdolov the Summoner (level 6, -9/24 HPs)
             Began as a Felid Summoner on Apr 19, 2022.
             Was an Initiate of Hepliaklqana.
             Killed from afar by an orc wizard (12 damage)
             ... with a puff of flame
             ... on level 5 of the Dungeon.
             The game lasted 00:13:44 (6413 turns).

Ajdolov the Summoner (Felid Summoner)               Turns: 6413, Time: 00:13:44

Health: -9/24      AC:  2    Str:  4    XL:     6   Next: 72%
Magic:  7/10       EV: 17    Int: 18    God:    Hepliaklqana [......]
Gold:   256        SH:  0    Dex: 17    Spells: 0/9 levels left
                                        Lives:  0   Deaths: 1

rFire   . . .      SeeInvis +   (weapon unavailable)
rCold   . . .      Faith    .   (shield unavailable)
rNeg    . . .      Spirit   .   (body armour unavailable)
rPois   .          Reflect  .   (helmet unavailable)
rElec   .          Harm     .   (cloak unavailable)
rCorr   .          Rampage  .   (gloves unavailable)
Will    .....                   (boots unavailable)
Stlth   ++........              (no amulet)
HPRegen 0.08/turn               (no ring)
MPRegen 0.12/turn               (no ring)

@: hasted, very quick
A: very small, claws 1, fangs 3, see invisible, speed 1, shaggy fur 2, stealthy
paws, no weapons or thrown items, no armour, multi-lived
a: Renounce Religion


You were on level 5 of the Dungeon.
You worshipped Hepliaklqana.
Hepliaklqana was noncommittal.
You visited 2 branches of the dungeon, and saw 6 of its levels.

You collected 256 gold pieces.

Inventory:

Scrolls
 b - a scroll of silence {unknown}
 c - 2 scrolls of noise {unknown}
 d - 3 scrolls of identify {unknown}
 e - a scroll of magic mapping {unknown}
 f - a scroll of torment {unknown}
 g - 2 scrolls of vulnerability {unknown}
 h - a scroll of enchant weapon {unknown}
 i - 3 scrolls of teleportation {unknown}
 k - 2 scrolls of fear {unknown}
 l - a scroll of enchant armour {unknown}
 p - a scroll of amnesia {unknown}
Potions
 a - a potion of magic
 j - a potion of heal wounds {unknown}
 m - a potion of cancellation {unknown}
 n - a potion of curing {unknown}
 o - a potion of haste
 q - a potion of lignification {unknown}
 r - a potion of invisibility {unknown}
 s - a potion of mutation {unknown}
 t - a potion of attraction {unknown}
 u - a potion of degeneration {unknown}


   Skills:
 - Level 2.6 Dodging
 - Level 2.6 Stealth
 - Level 2.0 Spellcasting
 + Level 3.8 Hexes
 * Level 8.4 Summonings


You couldn't memorise any spells.
You knew the following spells:

 Your Spells              Type           Power      Damage    Failure   Level
a - Summon Small Mammal   Summ           100%       N/A       1%          1
b - Call Imp              Summ           32%        N/A       1%          2
c - Call Canine Familiar  Summ           32%        N/A       1%          3
d - Summon Guardian Gole  Hex/Summ       24%        N/A       4%          3

Your spell library contained the following spells:

 Spells                   Type           Power      Damage    Failure   Level
 Shock                    Conj/Air       4%         1d3       19%         1
 Summon Lightning Spire   Summ/Air       17%        N/A       32%         4
 Swiftness                Air            1%         N/A       47%         3
 Leda's Liquefaction      Hex/Erth       4%         N/A       63%         4
 Airstrike                Air            0%         N/A       87%         4
 Portal Projectile        Hex/Tloc       Unusable   N/A       N/A         3

Dungeon Overview and Level Annotations

Branches:
Dungeon (5/15)             Temple (1/1) D:4

Altars:
Ashenzari
Cheibriados
Elyvilon
Hepliaklqana
Makhleb
Nemelex Xobeh
Sif Muna
Uskayaw
Vehumet
Xom
Yredelemnul
Zin
The Shining One

Shops:
D:3 (


Innate Abilities, Weirdness & Mutations

You have sharp claws.
You have razor-sharp teeth.
You have supernaturally acute eyesight. (SInv)
You cover ground quickly. (Speed+)
You are covered in thick fur. (AC +2)
Your paws help you pounce on unaware monsters.
You are incapable of wielding weapons or throwing items.
You cannot wear armour.
You gain extra lives every three experience levels.


Message History

The orc hits your hound with a +0 hand axe.
Your hound barely misses the orc.
The orc hits your guardian golem but does no damage.
The orc hits your hound with a +0 hand axe.
Your hound bites the orc.
Your guardian golem overheats!
Unknown command.
Your hound bites the orc.
The orc wizard gestures at you while chanting.
The magic dart hits you!
The orc hits your hound with a +0 hand axe.
The orc hits your guardian golem with a +0 hand axe.
Flame seeps out of your guardian golem. x2
Your guardian golem is engulfed in blazing flames.
Flame seeps out of your guardian golem.
Your hound bites the orc.
The orc dies!
The orc wizard gestures at you while chanting.
The magic dart hits you!
* * * LOW HITPOINT WARNING * * *
Your guardian golem is engulfed in blazing flames.
Flame seeps out of your guardian golem.
Your hound barely misses the orc wizard.
Unknown command.
It was a potion of haste.
You feel yourself speed up.
You scratch the orc wizard.
The orc wizard is lightly wounded.
Your hound bites the orc wizard.
The orc wizard hits you but does no damage.
Unknown command.
You scratch the orc wizard but do no damage.
The orc wizard is moderately wounded.
Your hound closely misses the orc wizard.
Unknown command.
You scratch the orc wizard.
The orc wizard is moderately wounded.
The orc wizard gestures at you while chanting.
The puff of flame hits you!
Ouch! That really hurt!
You die...

..>.# #.#.###.#.#.##......####.#
#...###...# #...#.##......####.#
......###########..')........#.#
......#.......######..).....##.#
..(...#.###...#..........#.....#
........###'###'########.#.#####
........)..........# #.#.#
.........)..O.9....+ #...#
.........)....ho@..# #####
...................+
.....##............#
........############ ......###
......# ##....# ######


You could see an ogre, an orc wizard (ally target), a friendly guardian golem
(summoned, inner flame) and a friendly hound (summoned, sheltered).

Vanquished Creatures
  A hound (D:5)
  2 adders
  A hobgoblin (D:2)
  2 frilled lizards (D:2)
  A kobold (D:1)
  A rat (D:2)
8 creatures vanquished.

Vanquished Creatures (collateral kills)
  Sigmund (D:3)
  An ogre (D:5)
  A scorpion (D:4)
  A jelly (D:5)
  2 orc wizards (D:4)
  6 adders
  3 worms
  2 dart slugs
  8 orcs
  12 endoplasms
  A giant cockroach (D:4)
  3 goblins
  3 hobgoblins
  A jackal (D:2)
  5 kobolds
  3 quokkas
  5 ball pythons
  7 bats
  3 frilled lizards
  4 rats
72 creatures vanquished.

Vanquished Creatures (others)
  Blork the orc (D:4)
  6 plants (D:2)
7 creatures vanquished.

Grand Total: 87 creatures vanquished

Notes
Turn   | Place    | Note
-------+----------+-------------------------------------------
     0 | D:1      | Ajdolov the Felid Summoner began the quest for the Orb.
     0 | D:1      | Reached XP level 1. HP: 7/7 MP: 4/4
   668 | D:1      | Reached XP level 2. HP: 7/11 MP: 1/6
   671 | D:1      | Learned a level 2 spell: Call Imp
  1328 | D:2      | Noticed a floating eye
  1352 | D:2      | Noticed a floating eye
  1354 | D:2      | Found a faded altar of an unknown god.
  1376 | D:2      | Noticed a golden eye
  1381 | D:2      | Noticed an eye of devastation
  1423 | D:2      | Found a hide-covered altar of Uskayaw.
  2036 | D:2      | Reached skill level 5 in Summonings
  2036 | D:2      | Reached XP level 3. HP: 12/14 MP: 4/7
  2068 | D:2      | Learned a level 3 spell: Call Canine Familiar
  2366 | D:2      | Reached XP level 4. HP: 18/18 MP: 1/8
  3034 | D:3      | Found Veneod's Antique Weapon Shoppe.
  3237 | D:3      | Reached skill level 6 in Summonings
  3655 | D:3      | Noticed Sigmund
  3676 | D:3      | Killed Sigmund
  3677 | D:3      | Reached skill level 7 in Summonings
  3677 | D:3      | Reached XP level 5. HP: 21/21 MP: 2/9
  3677 | D:3      | Gained mutation: You are covered in thick fur. (AC +2)
                  | [Felid growth]
  3677 | D:3      | Reached XP level 6. HP: 24/24 MP: 2/10
  4033 | D:3      | Learned a level 3 spell: Summon Guardian Golem
  4131 | D:4      | Found a basalt altar of Yredelemnul.
  4185 | D:4      | Found a staircase to the Ecumenical Temple.
  4194 | Temple   | Entered the Ecumenical Temple
  4289 | Temple   | Became a worshipper of Hepliaklqana the Forgotten
  4468 | D:4      | Reached skill level 1 in Hexes
  5034 | D:4      | Noticed Blork the orc
  5068 | D:4      | Slain by Blork the orc
  5069 | D:4      | Reached XP level 5. HP: -1/21 MP: 4/9
  5069 | D:4      | Killed Blork the orc
  5070 | D:4      | Reached skill level 8 in Summonings
  5070 | D:4      | Reached XP level 6. HP: 24/24 MP: 10/10
  5535 | D:5      | Entered Level 5 of the Dungeon
  6360 | D:5      | Noticed an ice beast
  6413 | D:5      | Killed from afar by an orc wizard

Illustrated notes

Levels and vault maps discovered:
D:1:      dpeg_arrival_three_bigger_balls, layout_rooms, dk_noncrumbling_4,
          minmay_pentomino_z2
D:2:      layout_basic, serial_forest, infiniplex_forest_end_double,
          infiniplex_forest_clump_cross, infiniplex_forest_end_1,
          infiniplex_forest_zigzag_2, basic_altar,
          hellmonk_ecumenical_altar_watching_god,
          minmay_randomly_rotated_circles
D:3:      layout_basic, serial_shops, nicolae_shop_statue_plus, uniq_sigmund
D:4:      layout_rooms, yredelemnul_altar_generic,
          minmay_temple_entry_statues_pillars, uniq_blork_the_orc
D:5:      layout_basic
Temple:   hc_temple_tempest_star

Skill      XL: |  1  2  3  4  5  6 |
---------------+-------------------+-----
Summonings     | 5 7 8 |  8.4
Hexes          | 3 |  3.8
Dodging        | |  2.6
Stealth        | |  2.6
Spellcasting   | |  2.0

Action                   |  1- 3 |  4- 6 || total
-------------------------+-------+-------++-------
Melee: Unarmed           |    35 |    36 ||    71
       Bite              |     1 |     5 ||     6
 Cast: Summon Small Mamm |    27 |     3 ||    30
       Call Imp          |    24 |    17 ||    41
       Call Canine Famil |       |    26 ||    26
       Summon Guardian G |       |     7 ||     7
  Use: Potion            |       |     1 ||     1
 Stab: Distracted        |       |     2 ||     2
Armor: Skin              |     3 |     4 ||     7
Dodge: Dodged            |    60 |    46 ||   106

Table legend: (Time is in decaauts)
 A = Elapsed time spent in this place.
 B = Non-inter-level travel time spent in this place.
 C = Inter-level travel time spent in this place.
 D = Time resting spent in this place.
 E = Time spent auto-exploring this place.
 F = Levels seen in this place.
 G = Mean time per level.
                   A        B        C        D        E       F      G
               +--------+--------+--------+--------+--------+-----+--------+
         Total |   5844 |   5599 |    245 |   1060 |   3501 |   6 |  974.0 |
       Dungeon |   5757 |   5521 |    236 |   1060 |   3434 |   5 | 1151.4 |
        Temple |     86 |     78 |      8 |      0 |     67 |   1 |   86.0 |
               +--------+--------+--------+--------+--------+-----+--------+

Top non-repeatable levels by time:
     D:2: 1463 daAuts
     D:1: 1232 daAuts
     D:3: 1218 daAuts
     D:4: 1018 daAuts
     D:5: 825 daAuts
  Temple: 86 daAuts
